[ PARTIDA AOE2 · #506818756 ]
UnrankedBorgoñones vs Tatars
Equipo del jugador · VICT
Equipo rival · DERR
[ ANÁLISIS DE REPETICIÓN · EXTRAÍDO DE LA PARTIDA GRABADA ]
Feudal
10:38
Castillos
22:37
Imperial
—
| APM promedio | 66.9 |
| APM pico | 110 |
| eAPM promedio | 22.6 |
| Aldeanos / militares | 41 / 33 |
Foco
⚔️ 34.3% · 🌾 65.7%
Skirmisher ×11 · Knight ×9 · Scout Cavalry ×7 · Militia ×3 · Archer ×1 · Mangonel ×1
Feudal
9:18
Castillos
23:57
Imperial
—
| APM promedio | 34.5 |
| APM pico | 65 |
| eAPM promedio | 15.5 |
| Aldeanos / militares | 50 / 20 |
Foco
⚔️ 23.3% · 🌾 76.7%
Spearman ×6 · Archer ×5 · Skirmisher ×5 · Camel Scout ×3 · Monk ×1
Mapa de la partida
Recursos iniciales + cada clic de construcción. Líneas = muros · curvas = relieve. ◆ oro · ⬟ piedra · ● bayas · ✦ reliquia · ◌ hueco del cierre
Tu base· Abierta — el rival se encerró
Base de muirhead25· ✓ Cerrada en 23:57 · 5t muro · sin puerta
Terreno inicial suavizado · ◌ = hueco del cierre detectado · pasá el cursor para detalles
Inputs por minuto
— uel - - muirhead25
Build order — uel
131 acciones detectadas en el replay
| 0:01 | Crear | Villager (Male) |
| 0:01 | Crear | Villager (Male) |
| 0:01 | Crear | Villager (Male) |
| 0:02 | Construir | House |
| 0:04 | Construir | House |
| 0:09 | Crear | Villager (Male) |
| 0:09 | Crear | Villager (Male) |
| 1:30 | Crear | Villager (Male) |
| 1:51 | Crear | Villager (Male) |
| 2:11 | Construir | Lumber Camp |
| 2:26 | Crear | Villager (Male) |
| 2:26 | Crear | Villager (Male) |
| 2:48 | Crear | Villager (Male) |
| 2:48 | Crear | Villager (Male) |
| 3:02 | Crear | Villager (Male) |
| 3:20 | Crear | Villager (Male) |
| 3:43 | Crear | Villager (Male) |
| 3:51 | Construir | House |
| 3:56 | Crear | Villager (Male) |
| 4:27 | Crear | Villager (Male) |
| 4:47 | Construir | Barracks |
| 5:02 | Crear | Villager (Male) |
| 5:16 | Construir | House |
| 5:29 | Crear | Villager (Male) |
| 5:44 | Crear | Militia |
| 5:44 | Crear | Militia |
| 5:48 | Crear | Villager (Male) |
| 6:13 | Construir | Mill |
| 6:19 | Crear | Militia |
| 6:34 | Crear | Villager (Male) |
| 6:56 | Crear | Villager (Male) |
| 6:58 | Construir | House |
| 7:04 | Crear | Villager (Male) |
| 7:52 | Investigar | Loom |
| 7:53 | Investigar | Loom |
| 8:28 | Investigar | Feudal Age |
| 8:28 | Investigar | Feudal Age |
| 8:32 | Investigar | Double-Bit Axe |
| 8:32 | Investigar | Double-Bit Axe |
| 8:45 | Construir | Lumber Camp |
| 10:00 | Construir | House |
| 10:07 | Crear | Villager (Male) |
| 10:38 | Edad | Edad Feudal |
| 10:41 | Construir | Stable |
| 10:43 | Investigar | Bow Saw |
| 10:44 | Crear | Villager (Male) |
| 10:58 | Investigar | Horse Collar |
| 11:16 | Crear | Villager (Male) |
| 11:20 | Construir | Archery Range |
| 11:22 | Crear | Scout Cavalry |
| 11:25 | Crear | Villager (Male) |
| 11:38 | Crear | Villager (Male) |
| 11:42 | Construir | House |
| 11:43 | Construir | House |
| 11:44 | Construir | House |
| 11:49 | Crear | Scout Cavalry |
| 11:57 | Crear | Skirmisher |
| 11:59 | Construir | Watch Tower |
| 12:11 | Crear | Skirmisher |
| 12:17 | Construir | Farm |
| 12:28 | Crear | Skirmisher |
| 12:53 | Crear | Skirmisher |
| 13:09 | Crear | Scout Cavalry |
| 13:10 | Crear | Villager (Male) |
| 13:12 | Construir | Farm |
| 13:14 | Construir | Farm |
| 13:32 | Crear | Scout Cavalry |
| 13:33 | Crear | Skirmisher |
| 13:45 | Crear | Villager (Male) |
| 14:08 | Crear | Skirmisher |
| 14:09 | Crear | Scout Cavalry |
| 14:47 | Crear | Scout Cavalry |
| 14:55 | Crear | Skirmisher |
| 14:56 | Crear | Villager (Male) |
| 15:01 | Construir | Farm |
| 15:02 | Construir | Farm |
| 15:18 | Crear | Skirmisher |
| 15:28 | Crear | Skirmisher |
| 15:44 | Crear | Villager (Male) |
| 15:47 | Construir | Farm |
| 15:47 | Construir | Farm |
| 15:47 | Construir | Farm |
| 15:47 | Construir | Farm |
| 15:48 | Construir | Farm |
| 15:57 | Crear | Skirmisher |
| 16:00 | Construir | Farm |
| 16:02 | Construir | Farm |
| 16:16 | Crear | Scout Cavalry |
| 16:21 | Construir | Farm |
| 16:27 | Construir | Mining Camp |
| 16:33 | Construir | Mining Camp |
| 16:38 | Crear | Skirmisher |
| 16:43 | Crear | Villager (Male) |
| 16:45 | Construir | Farm |
| 17:37 | Crear | Villager (Male) |
| 17:39 | Construir | Market |
| 17:43 | Crear | Villager (Male) |
| 17:51 | Investigar | Heavy Plow |
| 17:52 | Crear | Villager (Male) |
| 19:57 | Investigar | Castle Age |
| 20:04 | Crear | Archer |
| 20:39 | Construir | Stable |
| 20:43 | Construir | Blacksmith |
| 21:24 | Construir | Farm |
| 21:28 | Investigar | Scale Barding Armor |
| 21:29 | Investigar | Forging |
| 22:09 | Investigar | Gold Mining |
| 22:10 | Crear | Villager (Male) |
| 22:26 | Construir | House |
| 22:37 | Edad | Edad de los Castillos |
| 22:39 | Construir | Siege Workshop |
| 22:41 | Crear | Knight |
| 22:47 | Investigar | Cavalier (upgrade) |
| 22:49 | Crear | Knight |
| 22:54 | Investigar | Wheelbarrow |
| 22:55 | Crear | Villager (Male) |
| 23:13 | Construir | House |
| 23:14 | Construir | House |
| 23:20 | Crear | Mangonel |
| 23:22 | Crear | Knight |
| 23:35 | Crear | Villager (Male) |
| 23:53 | Crear | Knight |
| 24:39 | Crear | Villager (Male) |
| 24:40 | Crear | Knight |
| 24:51 | Crear | Battering Ram |
| 24:52 | Crear | Knight |
| 24:55 | Crear | Knight |
| 25:04 | Crear | Villager (Male) |
| 25:22 | Crear | Knight |
| 25:26 | Crear | Villager (Male) |
| 25:49 | Crear | Knight |
Build order — muirhead25
125 acciones detectadas en el replay
| 0:01 | Crear | Villager (Male) |
| 0:01 | Crear | Villager (Male) |
| 0:01 | Crear | Villager (Male) |
| 0:02 | Crear | Villager (Male) |
| 0:02 | Crear | Villager (Male) |
| 0:04 | Construir | House |
| 0:05 | Construir | House |
| 1:35 | Crear | Villager (Male) |
| 1:50 | Construir | Lumber Camp |
| 1:56 | Crear | Villager (Male) |
| 2:16 | Crear | Villager (Male) |
| 2:58 | Crear | Villager (Male) |
| 3:03 | Crear | Villager (Male) |
| 3:39 | Crear | Villager (Male) |
| 3:55 | Construir | House |
| 3:58 | Construir | House |
| 4:01 | Crear | Villager (Male) |
| 4:25 | Crear | Villager (Male) |
| 4:28 | Crear | Villager (Male) |
| 4:53 | Construir | Mill |
| 5:11 | Crear | Villager (Male) |
| 5:29 | Crear | Villager (Male) |
| 5:56 | Crear | Villager (Male) |
| 6:17 | Investigar | Loom |
| 6:42 | Crear | Villager (Male) |
| 7:08 | Investigar | Feudal Age |
| 7:11 | Investigar | Loom |
| 7:44 | Construir | Barracks |
| 7:46 | Construir | House |
| 8:44 | Crear | Villager (Male) |
| 9:18 | Edad | Edad Feudal |
| 9:21 | Construir | Archery Range |
| 9:22 | Investigar | Double-Bit Axe |
| 9:34 | Construir | House |
| 9:39 | Crear | Villager (Male) |
| 9:56 | Crear | Villager (Male) |
| 10:02 | Construir | Mining Camp |
| 10:10 | Construir | House |
| 10:16 | Crear | Villager (Male) |
| 10:21 | Crear | Archer |
| 10:40 | Crear | Villager (Male) |
| 10:46 | Crear | Villager (Male) |
| 10:51 | Crear | Skirmisher |
| 11:01 | Crear | Villager (Male) |
| 11:25 | Crear | Archer |
| 11:26 | Crear | Archer |
| 11:48 | Crear | Villager (Male) |
| 11:55 | Construir | Blacksmith |
| 12:13 | Crear | Villager (Male) |
| 12:15 | Crear | Archer |
| 12:21 | Crear | Villager (Male) |
| 12:38 | Construir | Watch Tower |
| 12:44 | Crear | Spearman |
| 12:45 | Crear | Spearman |
| 12:45 | Crear | Spearman |
| 13:12 | Crear | Spearman |
| 13:14 | Crear | Skirmisher |
| 13:33 | Crear | Villager (Male) |
| 13:55 | Crear | Skirmisher |
| 14:04 | Construir | Palisade Wall |
| 14:05 | Construir | Palisade Wall |
| 14:07 | Construir | Palisade Wall |
| 14:11 | Crear | Spearman |
| 14:18 | Crear | Villager (Male) |
| 14:47 | Crear | Spearman |
| 14:52 | Crear | Villager (Male) |
| 14:53 | Crear | Villager (Male) |
| 15:17 | Crear | Archer |
| 15:22 | Construir | House |
| 15:24 | Construir | Palisade Wall |
| 15:34 | Construir | Palisade Wall |
| 15:56 | Crear | Villager (Male) |
| 16:08 | Construir | Farm |
| 16:08 | Construir | Farm |
| 16:09 | Construir | Farm |
| 16:12 | Crear | Villager (Male) |
| 16:21 | Crear | Skirmisher |
| 16:25 | Construir | Market |
| 16:27 | Crear | Villager (Male) |
| 16:35 | Crear | Skirmisher |
| 16:39 | Construir | Farm |
| 16:46 | Construir | Farm |
| 16:47 | Construir | Farm |
| 16:48 | Crear | Villager (Male) |
| 17:14 | Crear | Villager (Male) |
| 17:16 | Construir | Farm |
| 17:18 | Construir | Farm |
| 17:20 | Investigar | Horse Collar |
| 17:42 | Crear | Villager (Male) |
| 17:42 | Crear | Villager (Male) |
| 17:46 | Construir | Farm |
| 18:43 | Crear | Villager (Male) |
| 19:03 | Crear | Villager (Male) |
| 19:19 | Construir | House |
| 19:21 | Construir | Farm |
| 19:22 | Construir | Farm |
| 19:22 | Construir | Farm |
| 19:22 | Construir | Farm |
| 19:38 | Crear | Villager (Male) |
| 20:05 | Construir | Farm |
| 20:13 | Crear | Villager (Male) |
| 20:33 | Crear | Villager (Male) |
| 21:17 | Investigar | Castle Age |
| 21:58 | Construir | Stable |
| 22:03 | Construir | Stable |
| 22:11 | Investigar | Scale Barding Armor |
| 22:20 | Construir | Farm |
| 22:28 | Construir | Farm |
| 22:34 | Construir | Farm |
| 22:39 | Investigar | Forging |
| 23:32 | Investigar | Bloodlines |
| 23:39 | Crear | Villager (Male) |
| 23:40 | Crear | Villager (Male) |
| 23:57 | Edad | Edad de los Castillos |
| 23:59 | Construir | Monastery |
| 24:01 | Construir | House |
| 24:07 | Crear | Camel Scout |
| 24:07 | Crear | Camel Scout |
| 24:52 | Crear | Camel Scout |
| 25:04 | Crear | Villager (Male) |
| 25:05 | Crear | Villager (Male) |
| 25:14 | Construir | Mining Camp |
| 25:41 | Crear | Monk |
| 25:52 | Crear | Villager (Male) |
| 25:52 | Crear | Villager (Male) |
Cronología de la partida
| 4:47 | uel · first_building Barracks |
| 7:44 | muirhead25 · first_building Barracks |
| 9:18 | muirhead25 · age_up feudal |
| 9:21 | muirhead25 · first_building Archery Range |
| 10:38 | uel · age_up feudal |
| 10:41 | uel · first_building Stable |
| 11:20 | uel · first_building Archery Range |
| 14:04 | muirhead25 · wall_segment Palisade Wall x1 |
| 14:05 | muirhead25 · wall_segment Palisade Wall x1 |
| 14:07 | muirhead25 · wall_segment Palisade Wall x1 |
| 15:24 | muirhead25 · wall_segment Palisade Wall x1 |
| 15:34 | muirhead25 · wall_segment Palisade Wall x1 |
| 18:51 | uel · first_market_sell 100 wood |
| 19:16 | uel · first_market_buy 100 food |
| 19:45 | muirhead25 · first_market_sell 100 wood |
| 20:36 | muirhead25 · first_market_buy 100 food |
| 21:58 | muirhead25 · first_building Stable |
| 22:37 | uel · age_up castle |
| 22:39 | uel · first_building Siege Workshop |
| 23:57 | muirhead25 · age_up castle |
| 23:59 | muirhead25 · first_building Monastery |
| 26:05 | muirhead25 · resign |
[ ANÁLISIS IA · 1 CRÉDITO ]
¿Qué pasó realmente en esta partida?
Wolo.gg analiza cada decisión: build order, eco, micro, errores típicos por bracket. Análisis personalizado por WhatsApp o Discord en 30 segundos.
Guía civ
Borgoñones
Perfil
Jugador #9754373